[Event "Fast Chess"]
[Site "ChessKid.com"]
[Date "2020.04.01"]
[Round "3"]
[White "Hessenberger, Oliver"]
[Black "Georgiev, Maximilian"]
[Result "1/2-1/2"]
[ECO "C55"]
[WhiteElo "1248"]
[BlackElo "1363"]
[PlyCount "107"]
[EventDate "2020.??.??"]
[TimeControl "300+10"]
[WhiteClock "0:01:51"]
[BlackClock "0:00:40"]

1. e4 e5 2. Nf3 Nc6 3. Nc3 Nf6 4. Bc4 h6 5. Bb5 d6 6.
Bxc6+ bxc6 7. O-O Bg4 8. b3 d5 9. d3 d4 10. Na4 Be7 11. h3 Bh5 12. g4 Bg6 13. Nxe5 O-O 14. Nxg6 fxg6 15. c3 dxc3 16. Nxc3 Bb4 17. Qc2 c5 18. a3 Ba5 19. b4 cxb4 20. axb4 Bxb4 21. Ra4 Rb8 22. Ba3 Bxa3 23. Rxa3 Rb7 24. Na4 h5 25. gxh5 gxh5 26. e5 Nh7 27. e6 Re8 28. Re1 Qd6 29. Nc5 Rb5 30. Rc3 g5 31. d4 Qxd4 32. e7 Qd6 33.
Ne4 Qxe7 34. Rxc7 Qe5 35. Rxa7 g4 36. hxg4 hxg4 37. Rd1 Re7 38. Rxe7 Qxe7 39. Qc4+ Kh8 40. Qxb5 Qxe4 41. Rd8+ Kg7 42. Rd7+ Kf6 43. Rd6+ Ke7 44. Qd7+ Kf8 45. Qc8+ Ke7 46. Qc7+ Kf8 47. Rd8+ Qe8 48. Rxe8+ Kxe8 49. Qd6 Ng5 50. Kg2 Kf7 51. Kg3 Kg7 52. Kxg4 Kf7 53. Kxg5 Ke8 54. Kf6 {[%emt 0:00:11]
Game drawn by stalemate} 1/2-1/2

[Event "Fast Chess"]
[Site "ChessKid.com"]
[Date "2020.04.01"]
[Round "3"]
[White "Halimi, Dorian"]
[Black "Li, Tobias"]
[Result "1-0"]
[ECO "C47"]
[WhiteElo "930"]
[BlackElo "1196"]
[PlyCount "61"]
[EventDate "2020.??.??"]
[TimeControl "300+10"]
[WhiteClock "0:02:16"]
[BlackClock "0:03:06"]

1. e4 e5 2. Nf3 Nc6 3. Nc3 Bc5 4. g3 Nf6 5. Bh3 O-O 6. d3 d6 7. Bg5 Qe8 8. Bxf6 gxf6 9. Qe2 Bxh3 10. O-O-O Bg2 11. Rhg1 Bxf3 12. Qxf3 Kh8 13. Nd5 Qe6 14. Nxc7 Qe7 15. Nxa8 Rxa8 16. h4 Rg8 17. g4 Rg6 18. h5 Rg7 19. c3 Qe6 20. Rd2 d5 21. exd5 Qd6 22. dxc6 bxc6 23. b4 Bb6 24. Re1 Qe6 25. d4 Kg8 26. c4 Bxd4 27. b5 cxb5 28.
cxb5 Qb6 29. a4 Qe6 30. Qa8+ Qe8 31. Qxe8# {
[%emt 0:00:11] FullMagentaEclipse won by checkmate} 1-0

[Event "Fast Chess"]
[Site "ChessKid.com"]
[Date "2020.04.01"]
[Round "3"]
[White "Sasse, Gabriel"]
[Black "Li, Patrick"]
[Result "1-0"]
[ECO "C55"]
[WhiteElo "1182"]
[BlackElo "965"]
[PlyCount "79"]
[EventDate "2020.??.??"]
[TimeControl "300+10"]
[WhiteClock "0:01:06"]
[BlackClock "0:03:32"]

1. e4 e5 2. Nf3 Nc6 3. Bc4 Nf6 4. Nc3 Bc5 5. h3 h6 6. O-O O-O 7. d4 exd4 8. Nb5 a6 9. Nbxd4 Bxd4 10. Nxd4 Nxe4 11. Nxc6 bxc6 12. Qg4 d5 13. Bd3 Bxg4 14. Bxe4 Qe7 15. hxg4 Qxe4 16. Bd2 Qxc2 17. Bb4 Rfd8 18. Be7 Re8 19. Rac1 Qg6 20. Bb4 Rab8 21. Ba5 Rb5 22. Bxc7 Rc8 23. Bg3 Rxb2 24. Ra1 Rcb8 25. Bxb8 Qe6 26. Bg3 Qe2 27. Rae1 Qc2 28. Re8+ Kh7 29. Be5 Rxa2 30. Rf8 Qb3 31. Rxf7 d4 32. Rxg7+ Kh8 33. Rg6+ Kh7 34. Rg7+ Kh8 35. Bxd4 Rd2 36. Rb7+ Kg8 37. Rxb3 Rxd4 38. Rb7 a5 39. Re1 a4 40. Re8# {[%emt 0:00:12] LimeFarActor won by checkmate} 1-0

[Event "Fast Chess"]
[Site "ChessKid.com"]
[Date "2020.04.02"]
[Round "1"]
[White "Li, Tobias"]
[Black "Hessenberger, Oliver"]
[Result "1-0"]
[ECO "C55"]
[WhiteElo "1189"]
[BlackElo "1180"]
[PlyCount "43"]
[EventDate "2020.??.??"]
[TimeControl "600"]
[WhiteClock "0:08:12"]
[BlackClock "0:08:33"]

1. e4 e5 2. Nf3 Nc6 3. Nc3 Nf6 4. Bc4 Bc5 5. Ng5 O-O 6.
Nxf7 Rxf7 7. Bxf7+ Kf8 8. Bb3 Nb4 9. d3 d6 10. a3 Ng4 11. O-O Nxf2 12. Rxf2+ Bxf2+ 13. Kxf2 Qf6+ 14. Qf3 Qxf3+ 15. Kxf3 Nc6 16. Kf2 Bg4 17. Bd2 Na5 18. Rf1 Bh5 19. Kg1+ Ke8 20. Nd5 Bf7 21. Nxc7+ Kd8 22. Nxa8 {[%emt 0:00:01]
OnlyHungryKiwi won by resignation} 1-0

[Event "Fast Chess"]
[Site "ChessKid.com"]
[Date "2020.04.02"]
[Round "1"]
[White "Dai, Lana"]
[Black "Gross, Lukas"]
[Result "1-0"]
[ECO "B06"]
[WhiteElo "1211"]
[BlackElo "1138"]
[PlyCount "25"]
[EventDate "2020.??.??"]
[TimeControl "600"]
[WhiteClock "0:08:57"]
[BlackClock "0:08:25"]

1. e4 g6 2. Nf3 Bg7 3. Bc4 Nh6 4. Nc3 O-O 5. d3 e6 6. Bg5 Qe8 7. Nh4 f6 8. Bxh6 Bxh6 9. Nb5 c6 10. Nc7 Qd8 11. Nxa8 d5 12. exd5 cxd5 13. Bb5 {[%emt 0:00:06] TopBrownCave won - game abandoned} 1-0

[Event "Fast Chess"]
[Site "ChessKid.com"]
[Date "2020.04.02"]
[Round "1"]
[White "Li, Patrick"]
[Black "Sasse, Gabriel"]
[Result "0-1"]
[ECO "C57"]
[WhiteElo "941"]
[BlackElo "1180"]
[PlyCount "32"]
[EventDate "2020.??.??"]
[TimeControl "600"]
[WhiteClock "0:09:08"]
[BlackClock "0:08:15"]

1. e4 e5 2. Nf3 Nc6 3. Nc3 Bc5 4. Bc4 Nf6 5. Ng5 O-O 6.
Nxf7 Rxf7 7. Bxf7+ Kxf7 8. O-O d5 9. h3 dxe4 10. b3 Nb4 11. Nb5 Qd7 12. Nc3 b6 13. Re1 Qc6 14. Qe2 Bb7 15. Nb5 e3 16. dxe3 Qxg2# {[%emt 0:00:03] LimeFarActor won by checkmate} 0-1

[Event "Fast Chess"]
[Site "ChessKid.com"]
[Date "2020.04.02"]
[Round "2"]
[White "Li, Tobias"]
[Black "Dai, Lana"]
[Result "1/2-1/2"]
[ECO "C41"]
[WhiteElo "1190"]
[BlackElo "1210"]
[PlyCount "133"]
[EventDate "2020.??.??"]
[TimeControl "600"]
[WhiteClock "0:03:59"]
[BlackClock "0:06:14"]

1. e4 e5 2. Nf3 Nc6 3. d4 d6 4. dxe5 dxe5 5. Qxd8+ Nxd8 6.
Nxe5 Bd6 7. Nf3 Bg4 8. Be2 Nc6 9. O-O Nb4 10. Bd3 Bxf3 11.
gxf3 Nxd3 12. cxd3 O-O-O 13. Nc3 Nf6 14. Bg5 Rhg8 15. Nd5 h6 16.
Bxf6 gxf6+ 17. Kh1 Rg6 18. Rg1 Rxg1+ 19. Kxg1 Be5 20. Kf1 Bxh2 21. Nxf6 Rxd3 22. Ke2 Rd6 23. Ng4 Bf4 24. Rd1 Rxd1 25. Kxd1 h5 26. Nf6 h4 27. Ng4 h3 28. Ke1 h2 29. Nxh2 Bxh2 30. Kf1 Be5 31.
b3 c5 32. Ke2 b5 33. Kd3 a5 34. a3 Kd7 35. Ke3 c4 36. bxc4 bxc4 37. f4 Bb2 38. a4 c3 39. Kd3 Ba1 40. Kc2 Ke6 41. Kb1 f5 42. exf5+ Kxf5 43. Kxa1 c2 44. Kb2 c1=Q+ 45. Kxc1 Kxf4 46. Kd2 Ke5 47. Kc3 Kd5 48. Kb3 Kc5 49. f4 Kd5 50. f5 Ke5 51. Kc4 Kxf5 52. Kb5 Ke6 53.
Kxa5 Kd6 54. Kb5 Kc7 55. a5 Kb7 56. a6+ Ka7 57. Ka5 Kb8 58.
Kb5 Ka7 59. Ka5 Kb8 60. Kb6 Ka8 61. Kc6 Ka7 62. Kb5 Kb8 63.
Kb6 Ka8 64. Ka5 Ka7 65. Kb5 Kb8 66. Kc6 Ka7 67. Kb5 {[%emt 0:00:02] Game drawn by repetition}
1/2-1/2

[Event "Fast Chess"]
[Site "ChessKid.com"]
[Date "2020.04.02"]
[Round "2"]
[White "Hessenberger, Oliver"]
[Black "Sasse, Gabriel"]
[Result "0-1"]
[ECO "C55"]
[WhiteElo "1154"]
[BlackElo "1188"]
[PlyCount "32"]
[EventDate "2020.??.??"]
[TimeControl "600"]
[WhiteClock "0:08:45"]
[BlackClock "0:08:04"]

1. e4 e5 2. Nf3 Nc6 3. Nc3 Bc5 4. Bc4 Nf6 5. Ng5 O-O 6.
Bb5 h6 7. Nf3 a6 8. Bxc6 dxc6 9. Nxe5 Qd4 10. Qe2 Qxe5 11. O-O Bd6 12. g3 Bg4 13. Qe3 Bc5 14. Qd3 Rae8 15. Re1 Rd8 16. Qc4 Nd7 {[%emt 0:00:14] LimeFarActor won by resignation} 0-1

[Event "Fast Chess"]
[Site "ChessKid.com"]
[Date "2020.04.02"]
[Round "3"]
[White "Sasse, Gabriel"]
[Black "Li, Tobias"]
[Result "0-1"]
[ECO "C50"]
[WhiteElo "1180"]
[BlackElo "1207"]
[PlyCount "112"]
[EventDate "2020.??.??"]
[TimeControl "600"]
[WhiteClock "0:06:48"]
[BlackClock "0:06:14"]

1. e4 e5 2. Nf3 Nc6 3. Bc4 Bc5 4. Ng5 Qxg5 5. d3 Qd8 6.
Qf3 Nf6 7. Bg5 d6 8. Bxf6 Qxf6 9. Qxf6 gxf6 10. O-O Bd7 11. Nc3 O-O-O 12. Na4 Be6 13. Bxe6+ fxe6 14. Nxc5 dxc5 15. c3 f5 16. exf5 exf5 17. b4 cxb4 18. cxb4 Nxb4 19. Rab1 Nxd3 20. Rfd1 Nf4 21.
Rdc1 Nd3 22. Rc3 b6 23. Rd1 e4 24. f3 Rd4 25. fxe4 fxe4 26. Rdc1 Rd7 27. Rd1 Rhd8 28. Kf1 Nb4 29. Rxd7 Rxd7 30. Rc4 Nxa2 31. Rxe4 Nc3 32. Re8+ Rd8 33. Rxd8+ Kxd8 34. Kf2 a5 35. g4 Nd5 36. h4 a4 37. Kf3 a3 38. Ke4 a2 39. Kxd5 a1=Q 40. g5 Qg7 41.
Ke4 b5 42. Kf5 c5 43. h5 b4 44. h6 Qf7+ 45. Kg4 c4 46. g6 Qxg6+ 47. Kh4 c3 48. Kh3 Qg5 49. Kh2 Qg4 50. Kh1 b3 51. Kh2 c2 52. Kh1 b2 53.
Kh2 Qf3 54. Kg1 c1=Q+ 55. Kh2 Qc2+ 56. Kg1 Qfd1# {[%emt 0:00:02] OnlyHungryKiwi won by checkmate} 0-1

[Event "Fast Chess"]
[Site "ChessKid.com"]
[Date "2020.04.02"]
[Round "3"]
[White "Dai, Lana"]
[Black "Hessenberger, Oliver"]
[Result "1-0"]
[ECO "C28"]
[WhiteElo "1220"]
[BlackElo "1134"]
[PlyCount "45"]
[EventDate "2020.??.??"]
[TimeControl "600"]
[WhiteClock "0:07:14"]
[BlackClock "0:07:34"]

1. e4 e5 2. Nf3 Nc6 3. Bc4 Nf6 4. Nc3 Bb4 5. d3 Bxc3+ 6.
bxc3 O-O 7. Bg5 d6 8. h3 h6 9. Bh4 Be6 10. Bxe6 fxe6 11. d4 exd4 12. cxd4 d5 13. e5 Nb4 14. exf6 gxf6 15. c3 Nc6 16. O-O e5 17. dxe5 Qe8 18. Bxf6 Qe6 19. Qd3 Qf7 20. Rae1 Rae8 21. Qd2 Nb8 22. Qxh6 Nd7 23. Qh8# {[%emt 0:00:03] TopBrownCave won by checkmate} 1-0

[Event "Fast Chess"]
[Site "ChessKid.com"]
[Date "2020.04.03"]
[Round "1"]
[White "Sasse, Gabriel"]
[Black "Georgiev, Maximilian"]
[Result "1-0"]
[ECO "C50"]
[WhiteElo "1227"]
[BlackElo "1355"]
[PlyCount "43"]
[EventDate "2020.??.??"]
[TimeControl "900"]
[WhiteClock "0:13:45"]
[BlackClock "0:13:26"]

1. e4 e5 2. Nf3 Nc6 3. Bc4 h6 4. h3 Nf6 5. Nc3 Bb4 6. O-O Bxc3 7. dxc3 Nxe4 8. Qd5 Nf6 9. Qd1 O-O 10. Bb5 a6 11. Bxc6 bxc6 12. Nxe5 d6 13. Nxc6 Qd7 14. Nd4 Bb7 15. Qd3 c5 16. Nb3 Rfe8 17. Qg3 Bd5 18. Bxh6 g6 19. Rae1 Rxe1 20. Rxe1 Ne4 21. Qf3 Nf6 22. Qxf6 {[%emt 0:00:05] LimeFarActor won
by resignation} 1-0

[Event "Fast Chess"]
[Site "ChessKid.com"]
[Date "2020.04.03"]
[Round "1"]
[White "Li, Patrick"]
[Black "Li, Tobias"]
[Result "0-1"]
[ECO "C55"]
[WhiteElo "914"]
[BlackElo "1224"]
[PlyCount "34"]
[EventDate "2020.??.??"]
[TimeControl "900"]
[WhiteClock "0:14:12"]
[BlackClock "0:13:52"]

1. e4 e5 2. Nf3 Nc6 3. Nc3 Nf6 4. Bc4 h6 5. Ng5 hxg5 6.
O-O Bc5 7. h3 d6 8. Nd5 Nxd5 9. exd5 Na5 10. Qh5 Rxh5 11. d3 Nxc4 12. Bxg5 Qxg5 13. dxc4 Bxh3 14. g3 Bxf1 15. Rxf1 Qf5 16. Kg2 Qe4+ 17. Kg1 Qh1# {[%emt 0:
00:02] OnlyHungryKiwi won by checkmate} 0-1

[Event "Fast Chess"]
[Site "ChessKid.com"]
[Date "2020.04.03"]
[Round "2"]
[White "Rosenkranz, Benjamin"]
[Black "Sasse, Gabriel"]
[Result "0-1"]
[ECO "C50"]
[WhiteElo "1181"]
[BlackElo "1234"]
[PlyCount "88"]
[EventDate "2020.??.??"]
[TimeControl "900"]
[WhiteClock "0:12:26"]
[BlackClock "0:08:19"]

1. e4 e5 2. Nf3 Nc6 3. Bc4 Bc5 4. Nc3 Nf6 5. d3 Ng4 6. O-O Qf6 7. Bg5 Qg6 8. Bd2 Nf6 9. Bg5 d6 10. Bxf6 Qxf6 11. Nd5 Qg6 12. Nxc7+ Kd7 13. Nxa8 Ke7 14. Nc7 Bh3 15. Nd5+ Kd7 16. Ng5 Qxg5 17. Qf3 Bg4 18. Qf5+ Bxf5 19. exf5 Qxf5 20. Bb5 a6 21. Bxc6+ bxc6 22. Ne3 Qg5 23. Rad1 Qh5 24. g4 Qh4 25. c3 d5 26. d4 exd4 27. cxd4 Bd6 28. Rfe1 Qxh2+ 29. Kf1 Qh1+ 30. Ke2 Qh4 31. Nf5 Qxg4+ 32. f3 Qxf5 33. Kd2 Bb4+ 34. Ke2 Re8+ 35. Kf2 Bxe1+ 36. Rxe1 Rxe1 37. Kxe1 Qxf3 38. Kd2 h5 39. Ke1 h4 40. Kd2 h3 41. Ke1 h2 42. Kd2 h1=Q 43. Kc2 Qhg2+ 44. Kc1 Qff1# {[%emt 0:00:02] LimeFarActor won by checkmate} 0-1

[Event "Fast Chess"]
[Site "ChessKid.com"]
[Date "2020.04.03"]
[Round "2"]
[White "Georgiev, Maximilian"]
[Black "Li, Tobias"]
[Result "1/2-1/2"]
[ECO "C50"]
[WhiteElo "1352"]
[BlackElo "1229"]
[PlyCount "91"]
[EventDate "2020.??.??"]
[TimeControl "900"]
[WhiteClock "0:10:29"]
[BlackClock "0:11:32"]

1. e4 e5 2. Nf3 Nc6 3. Bc4 Bc5 4. d3 h6 5. Nc3 Nf6 6. O-O O-O 7. h3 d6 8. a3 a6 9. Nd5 b5 10. Nxf6+ Qxf6 11. Bd5 Bd7 12. Bd2 Rab8 13. b4 Ba7 14. Bxc6 Bxc6 15. c3 Rfe8 16. Re1 d5 17. exd5 Bxd5 18. d4 exd4 19. Rxe8+ Rxe8 20. cxd4 Bxd4 21. Nxd4 Qxd4 22. Rc1 Qe5 23.
Bc3 Qe4 24. f3 Qg6 25. Bb2 Be6 26. Kh1 Bc4 27. Qd4 Qg3 28. Bc3 Kh8 29. Be1 Rxe1+ 30. Rxe1 Qxe1+ 31. Kh2 Qe6 32. Qd8+ Kh7 33.
Qxc7 Bf1 34. Kg1 Qe2 35. Qg3 f5 36. f4 g6 37. h4 h5 38. Qh3 Kh6 39. Qg3 Qd3 40. Qg5+ Kg7 41. Qe7+ Kh6 42. Qg5+ Kh7 43. Qe7+ Kh8 44. Qf8+ Kh7 45. Qe7+ Kh6 46. Qg5+ {[%emt 0:00:01]
Game drawn by repetition} 1/2-1/2

[Event "Fast Chess"]
[Site "ChessKid.com"]
[Date "2020.04.03"]
[Round "2"]
[White "Hlinka, Patricia"]
[Black "Horvath, Alexander"]
[Result "0-1"]
[ECO "D00"]
[WhiteElo "1098"]
[BlackElo "1290"]
[PlyCount "34"]
[EventDate "2020.??.??"]
[TimeControl "900"]
[WhiteClock "0:13:06"]
[BlackClock "0:12:57"]

1. d4 d5 2. c3 Nc6 3. a4 Nf6 4. a5 e6 5. e3 Bd6 6. Nf3 Bd7 7. Nfd2 O-O 8. Be2 a6 9. O-O e5 10. dxe5 Bxe5 11. h4 Bd6 12. h5 h6 13. Bd3 Qe7 14. Qf3 Qe5 15.
Re1 Qh2+ 16. Kf1 Bg4 17. Qg3 Qh1# {[%emt 0:00:04] KeenOrangeTeeth
won by checkmate} 0-1

[Event "Fast Chess"]
[Site "ChessKid.com"]
[Date "2020.04.03"]
[Round "3"]
[White "Li, Tobias"]
[Black "Sasse, Gabriel"]
[Result "0-1"]
[ECO "C50"]
[WhiteElo "1217"]
[BlackElo "1242"]
[PlyCount "114"]
[EventDate "2020.??.??"]
[TimeControl "900"]
[WhiteClock "0:08:43"]
[BlackClock "0:00:01"]

1. e4 e5 2. Nf3 Nc6 3. Nc3 Bc5 4. Bc4 h6 5. Nxe5 Nxe5 6.
d4 Nxc4 7. dxc5 d6 8. cxd6 Nxd6 9. O-O Qf6 10. Nd5 Qd8 11. Qd3 Nf6 12. Nc3 Nh7 13. Nb5 O-O 14. Nxd6 cxd6 15. Rd1 Qf6 16. Re1 Qg6 17. h3 Bxh3 18. Qxh3 Rae8 19. Qf3 d5 20. e5 f6 21. Bd2 fxe5 22. Qxd5+ Kh8 23. Rxe5 Qf6 24. Rxe8 Rxe8 25. Qxb7 Rf8 26. Qxa7 Qxb2 27. Rc1 Qf6 28. Qc5 Rd8 29. Ba5 Rf8 30. Qe3 Qa6 31. Bb4 Rb8 32. Bd6 Qxd6 33. Qf3 Rf8 34. Qb3 Qf4 35. Qe3 Qxe3 36. fxe3 Ng5 37. Rf1 Rxf1+ 38. Kxf1 Ne4 39. Ke2 Nc3+ 40. Kd2 Nxa2 41. c4 Nb4 42. Kc3 Na6 43. Kd4 Kg8 44. c5 Nxc5 45. Kxc5 Kf7 46. Kd4 Kf6 47. e4 g5 48. Ke3 Kg6 49. Kf3 h5 50. g4 hxg4+ 51. Kxg4 Kf6 52. Kf3 Kg6 53. Ke3 Kh5 54. Kf3 Kh4 55. Kf2 g4 56. Kg2 g3 57. Kg1 Kh3 {[%emt 0:00:01]
LimeFarActor won on time} 0-1

[Event "Fast Chess"]
[Site "ChessKid.com"]
[Date "2020.04.03"]
[Round "3"]
[White "Horvath, Alexander"]
[Black "Li, Patrick"]
[Result "1-0"]
[ECO "C20"]
[WhiteElo "1293"]
[BlackElo "911"]
[PlyCount "29"]
[EventDate "2020.??.??"]
[TimeControl "900"]
[WhiteClock "0:12:19"]
[BlackClock "0:13:11"]

1. e4 e5 2. Qh5 Nc6 3. Bc4 g6 4. Qf3 Nf6 5. Qb3 Nxe4 6. d3 Nd6 7. Nf3 Na5 8. Qc3 b6 9. O-O b5 10. Qxe5+ Be7 11. Qxh8+ Bf8 12. Re1+ Qe7 13. Rxe7+ Kd8 14. Qxf8+ Ne8 15. Rxe8# {[%emt 0:00:02] KeenOrangeTeeth won by checkmate
} 1-0

[Event "Fast Chess"]
[Site "ChessKid.com"]
[Date "2020.04.03"]
[Round "3"]
[White "Rosenkranz, Benjamin"]
[Black "Georgiev, Maximilian"]
[Result "0-1"]
[ECO "C44"]
[WhiteElo "1177"]
[BlackElo "1357"]
[PlyCount "52"]
[EventDate "2020.??.??"]
[TimeControl "900"]
[WhiteClock "0:12:55"]
[BlackClock "0:10:12"]

1. e4 e5 2. Nf3 Nc6 3. Qe2 Nf6 4. Nc3 Bb4 5. Ng5 O-O 6.
Qe3 Ng4 7. Qg3 Qxg5 8. d3 Bxc3+ 9. bxc3 Qg6 10. Be2 d6 11.
Qxg4 Bxg4 12. Bxg4 Qxg4 13. O-O Qe2 14. Bg5 Qxc2 15. Rab1 Qxd3 16. Rxb7 Qxe4 17. Rxc7 Rac8 18. Rxa7 Nxa7 19. Be7 Rfe8 20. Bxd6 Rxc3 21. f3 Qe3+ 22. Kh1 Rc1 23. h3 Rxf1+ 24. Kh2 Qf4+ 25. g3 Qxf3 26. h4 Qh1# {[%emt 0:00:03] TallSnazzyBall won by
checkmate} 0-1

[Event "Fast Chess"]
[Site "ChessKid.com"]
[Date "2020.04.04"]
[Round "1"]
[White "Rosenkranz, Benjamin"]
[Black "Georgiev, Maximilian"]
[Result "0-1"]
[ECO "C55"]
[WhiteElo "1172"]
[BlackElo "1318"]
[PlyCount "68"]
[EventDate "2020.??.??"]
[TimeControl "900"]
[WhiteClock "0:12:57"]
[BlackClock "0:11:07"]

1. e4 e5 2. Nf3 Nc6 3. Nc3 Nf6 4. Bc4 h6 5. d3 d6 6. Be3 Be7 7. Qd2 O-O 8. O-O-O Ng4 9. Bb5 Nxe3 10. Qxe3 Bd7 11. Nd5 Bg5 12. Nxg5 hxg5 13. Bxc6 Bxc6 14. g4 f6 15. Rhg1 a5 16. Rg3 g6 17. Rh3 a4 18. Nb4 Kg7 19. Nxc6 bxc6 20. f3 Qb8 21. Kd2 Qxb2 22. d4 exd4 23.
Qd3 Qb4+ 24. Ke2 c5 25. Qd2 Qc4+ 26. Kf2 a3 27. Ra1 f5 28. gxf5 gxf5 29. exf5 Rxf5 30. Qe2 Qxe2+ 31. Kxe2 Re5+ 32. Kd3 Re3+ 33. Kc4 c6 34. Rh5 Ra4# {[%emt 0:00:02] TallSnazzyBall won by checkmate} 0-1

[Event "Fast Chess"]
[Site "ChessKid.com"]
[Date "2020.04.04"]
[Round "1"]
[White "Sasse, Gabriel"]
[Black "Hessenberger, Oliver"]
[Result "1-0"]
[ECO "C57"]
[WhiteElo "1274"]
[BlackElo "1117"]
[PlyCount "23"]
[EventDate "2020.??.??"]
[TimeControl "900"]
[WhiteClock "0:13:20"]
[BlackClock "0:14:01"]

1. e4 e5 2. Nf3 Nc6 3. Bc4 Nf6 4. Ng5 Qe7 5. b3 Nxe4 6.
Nxe4 Nd4 7. Ba3 Qh4 8. Kf1 Bxa3 9. Nxa3 Qxe4 10. Qh5 Qe2+ 11. Bxe2 Nxe2 12. Qxe5+ {[%emt 0:00:01]
LimeFarActor won by resignation} 1-0

[Event "Fast Chess"]
[Site "ChessKid.com"]
[Date "2020.04.04"]
[Round "2"]
[White "Georgiev, Maximilian"]
[Black "Hlinka, Patricia"]
[Result "1-0"]
[ECO "C41"]
[WhiteElo "1322"]
[BlackElo "1095"]
[PlyCount "21"]
[EventDate "2020.??.??"]
[TimeControl "900"]
[WhiteClock "0:13:58"]
[BlackClock "0:14:24"]

1. e4 e5 2. Nf3 d6 3. Bc4 Bg4 4. h3 Bxf3 5. Qxf3 Nh6 6. d3 d5 7. Bxd5 Bc5 8. Bxh6 Rf8 9. Bxg7 Nd7 10. Bxf8 Nxf8 11. Qxf7# {
[%emt 0:00:02] TallSnazzyBall won by checkmate} 1-0

[Event "Fast Chess"]
[Site "ChessKid.com"]
[Date "2020.04.04"]
[Round "2"]
[White "Dai, Lana"]
[Black "Sasse, Gabriel"]
[Result "0-1"]
[ECO "C50"]
[WhiteElo "1218"]
[BlackElo "1281"]
[PlyCount "70"]
[EventDate "2020.??.??"]
[TimeControl "900"]
[WhiteClock "0:12:28"]
[BlackClock "0:08:57"]

1. e4 e5 2. Nf3 Nc6 3. Bc4 Bc5 4. Nc3 Nf6 5. d3 O-O 6. Bg5 h6 7. Bh4 Nd4 8. Nd5 Nxf3+ 9. gxf3 Be7 10. Nxe7+ Qxe7 11. Bd5 Qd6 12. Bxf6 Qxf6 13. Rg1 c6 14. Bc4 d5 15. exd5 cxd5 16. Bxd5 Rb8 17. Qd2 Be6 18. Bxe6 fxe6 19. O-O-O Qxf3 20. Rgf1 Qd5 21. Qe3 Rbc8 22. Kb1 Qc6 23. Rc1 Qd5 24. Qxa7 Ra8 25. Qxa8 Rxa8 26. c4 Qa5 27. a3 b5 28. cxb5 Qxb5 29. Rfd1 Rb8 30. b4 Qa6 31. Rc7 Ra8 32. Rc5 Qxa3 33.
Kc2 Qxb4 34. Rxe5 Rc8+ 35. Rc5 Rxc5# {[%emt 0:00:02] LimeFarActor
won by checkmate} 0-1

[Event "Fast Chess"]
[Site "ChessKid.com"]
[Date "2020.04.04"]
[Round "2"]
[White "Hessenberger, Oliver"]
[Black "Rosenkranz, Benjamin"]
[Result "0-1"]
[ECO "C50"]
[WhiteElo "1101"]
[BlackElo "1179"]
[PlyCount "108"]
[EventDate "2020.??.??"]
[TimeControl "900"]
[WhiteClock "0:09:18"]
[BlackClock "0:08:45"]

1. e4 e5 2. Nf3 Nc6 3. Nc3 d6 4. Bc4 Bg4 5. d3 Qd7 6. h3 Bxf3 7. Qxf3 Nf6 8. Bg5 O-O-O 9. Bxf6 gxf6 10. Qxf6 Be7 11. Qxf7 Nb4 12. O-O Nxc2 13. Rac1 Nb4 14. Nd5 Bh4 15. Nxb4 Qxf7 16. Bxf7 Rhf8 17. Be6+ Kb8 18. Nd5 Bg5 19. Rc2 c6 20. Nc7 Kxc7 21. Rc3 Bd2 22. Ra3 a6 23. Rd1 Bb4 24. Rb3 Bc5 25. Bf5 h6 26. Rc3 h5 27. b4 Bxb4 28.
Rb3 Bc5 29. Rdb1 Rb8 30. g4 hxg4 31. Bxg4 Rxf2 32. Kh1 b5 33. R3b2 Rf4 34. Be6 Re8 35. Bf7 Rxf7 36. Rg1 Bxg1 37. Kxg1 Rg8+ 38. Kh1 Rh7 39. Rh2 c5 40. d4 cxd4 41. Rc2+ Kb6 42. Rh2 d3 43. Rg2 Rf8 44. Kg1 d5 45. exd5 e4 46. Rd2 Rxh3 47. d6 Rg3+ 48. Kh1 Rh8+ 49. Rh2 Rxh2+ 50. Kxh2 Rg8 51. d7 d2 52. Kh3 d1=R 53. Kh2 Rxd7 54. Kh3 Rh7# {[%emt 0:00:02] FineBeamingStage won by checkmate} 0-1

[Event "Fast Chess"]
[Site "ChessKid.com"]
[Date "2020.04.04"]
[Round "3"]
[White "Sasse, Gabriel"]
[Black "Georgiev, Maximilian"]
[Result "0-1"]
[ECO "C55"]
[WhiteElo "1274"]
[BlackElo "1329"]
[PlyCount "116"]
[EventDate "2020.??.??"]
[TimeControl "900"]
[WhiteClock "0:12:29"]
[BlackClock "0:11:44"]

1. e4 e5 2. Nf3 Nc6 3. Bc4 h6 4. Nc3 Nf6 5. h3 Bb4 6. O-O d6 7. a3 Ba5 8. b4 Bb6 9. Nd5 Nxd5 10. exd5 Nd4 11. Nxd4 Bxd4 12. Qf3 Bxa1 13. Qg3 O-O 14. d3 Bd4 15. Bxh6 e4 16. Qxg7+ Bxg7 17. Bxg7 Kxg7 18. Bb5 a6 19. Bc4 exd3 20. cxd3 b5 21. Ba2 Qg5 22. Bb1 Bxh3 23. g3 Bxf1 24. Kxf1 Qc1+ 25. Ke2 Rfe8+ 26. Kf3 Qe3+ 27. fxe3 Re7 28. e4 Rh8 29. e5 dxe5 30. Ke4 Kg6 31. d4 f5+ 32. Kd3 exd4 33. Kxd4 Re1 34. Bd3 Rg1 35. g4 Rxg4+ 36. Ke5 Kf7 37. Bxf5 Re8+ 38. Be6+ Kg6 39. d6 cxd6+ 40. Kxd6 Rd4+ 41. Ke5 Rd1 42. Kf4 Rf1+ 43. Ke5 Re1+ 44. Kf4 R1xe6 45. a4 Rf8+ 46. Kg4 Re4+ 47. Kg3 Kf6 48. Kf3 Re7 49. Kf4 Ke6+ 50. Ke4 Kd6+ 51. Kd4 Rf4+ 52. Kc3 Re3+ 53. Kd2 Rh3 54. Ke2 Rxb4 55. axb5 axb5 56. Kf2 Rb2+ 57. Kg1 Ra3 58. Kf1 Ra1# {[%emt 0:00:00] TallSnazzyBall won by
checkmate} 0-1

[Event "Fast Chess"]
[Site "ChessKid.com"]
[Date "2020.04.04"]
[Round "3"]
[White "Hlinka, Patricia"]
[Black "Rosenkranz, Benjamin"]
[Result "0-1"]
[ECO "D02"]
[WhiteElo "1089"]
[BlackElo "1185"]
[PlyCount "84"]
[EventDate "2020.??.??"]
[TimeControl "900"]
[WhiteClock "0:11:00"]
[BlackClock "0:09:08"]

1. d4 d5 2. Nf3 Nc6 3. Nc3 Bf5 4. g3 Nb4 5. a3 Nxc2+ 6. Kd2 Nxa1 7. a4 Qd6 8. a5 O-O-O 9. Bg2 Be4 10. Ke3 Bxf3 11. Kxf3 Nf6 12. Bg5 e6 13. Bd2 Be7 14. Qxa1 Nh5 15. g4 Nf6 16. Bf4 Qc6 17. Bd2 Bb4 18. b3 Bxc3 19. Bxc3 h5 20. gxh5 Nxh5 21. e3 Nf6 22. e4 dxe4+ 23. Kg3 Nh5+ 24. Kh4 Nf4+ 25. Kg3 Nxg2 26. Kxg2 e3+ 27. Kg1 exf2+ 28. Kxf2 Rh3 29. Kg1 Qf3 30. Qa2 Qxc3 31. Kg2 Rxd4 32. Qb1 Rd2+ 33. Kg1 Re3 34. Kf1 Rf3+ 35. Ke1 Rb2+ 36. Kd1 Rxb1+ 37. Ke2 Rxh1 38. h4 Qc2+ 39. Kxf3 Re1 40. Kg4 Rf1 41. h5 Qg2+ 42. Kh4 Rh1# {[%emt 0:
00:02] FineBeamingStage won by checkmate} 0-1

[Event "Fast Chess"]
[Site "ChessKid.com"]
[Date "2020.04.04"]
[Round "3"]
[White "Hessenberger, Oliver"]
[Black "Dai, Lana"]
[Result "0-1"]
[ECO "C42"]
[WhiteElo "1089"]
[BlackElo "1225"]
[PlyCount "41"]
[EventDate "2020.??.??"]
[TimeControl "900"]
[WhiteClock "0:12:23"]
[BlackClock "0:10:58"]

1. e4 e5 2. Nf3 Nf6 3. Nxe5 Qe7 4. Nc4 Nxe4 5. d4 Nc3+ 6.
Qe2 Nxe2 7. Bxe2 Qb4+ 8. Bd2 Qxb2 9. Bc3 Qxc2 10. a4 d5 11.
Ne5 Qe4 12. O-O Qxe2 13. Nd2 Qh5 14. Rae1 Be7 15. Nef3 Bg4 16. Ne5 Be2 17. Ndf3 Bxf1 18. Kxf1 O-O 19. Nd7 Nxd7 20. Rxe7 Rad8 21. Re3 {[%emt 0:00:11] TopBrownCave won by resignation} 0-1